 Dungeon Crawl Stone Soup version 0.18.1-48-g4cf74bf (webtiles) character file.

13250 theElss the Destroyer (level 11, -2/67 HPs)
             Began as a High Elf Conjurer on Sept 7, 2016.
             Was a Priest of Vehumet.
             Slain by a hornet (12 damage)
             ... on level 11 of the Dungeon.
             The game lasted 00:50:00 (14011 turns).

theElss the Destroyer (High Elf Conjurer)          Turns: 14011, Time: 00:50:00

Health: -2/67      AC: 10    Str:  7    XL:     11   Next: 73%
Magic:  0/27       EV: 16    Int: 26    God:    Vehumet [***...]
Gold:   577        SH:  0    Dex: 16    Spells: 6 memorised, 15 levels left

rFire  + . .     SeeInvis .     C - +5 flail of Absolution {venom, rC+}
rCold  + + .     Gourm    +     S - +0 robe {rC+}
rNeg   . . .     Faith    .     (no shield)
rPois  .         Spirit   .     g - +0 helmet
rElec  .         Dismiss  .     e - +2 cloak
rCorr  .         Reflect  .     y - +0 pair of gloves
SustAt .         Harm     .     I - +2 pair of boots "Efessest" {Int+3}
MR     +....                    X - amulet of the gourmand
Stlth  +.........               E - ring of the Pure Planets {rF+ Stlth-}
                                f - ring of wizardry

@: lethally poisoned (-2 -> -40), slowed, very slow, somewhat resistant to
hostile enchantments, very unstealthy
A: no striking features
a: Renounce Religion


You were on level 11 of the Dungeon.
You worshipped Vehumet.
Vehumet was most pleased with you.
You were very full.

You visited 2 branches of the dungeon, and saw 12 of its levels.

You collected 577 gold pieces.

Inventory:

Hand Weapons
 C - the +5 flail of Absolution (weapon) {venom, rC+}
   (You found it on level 5 of the Dungeon)

   It poisons the flesh of those it strikes.
   It protects you from cold.
Armour
 e - a +2 cloak (worn)
 g - a +0 helmet (worn)
 y - a +0 pair of gloves (worn)
 I - the +2 pair of boots "Efessest" (worn) {Int+3}
   (You found it on level 7 of the Dungeon)

   It affects your intelligence (+3).
 S - a +0 robe of cold resistance (worn)
Jewellery
 f - a ring of wizardry (left hand)
 E - the ring of the Pure Planets (right hand) {rF+ Stlth-}
   (You took it off a crimson imp on level 5 of the Dungeon)

   [ring of loudness]

   It protects you from fire.
   It makes you less stealthy.
 G - an uncursed ring of sustain attributes
 H - an uncursed amulet of regeneration
 X - an amulet of the gourmand (around neck)
Wands
 v - a wand of digging (13/24)
 A - a wand of slowing (24/48)
 O - a wand of digging (9/24)
 V - a wand of disintegration (17/24)
Scrolls
 a - a scroll of random uselessness {unknown}
 h - 7 scrolls of remove curse
 k - a scroll of immolation {unknown}
 n - a scroll of blinking {unknown}
 p - a scroll of magic mapping {unknown}
 u - a scroll of amnesia {unknown}
 w - a scroll of enchant armour {unknown}
 B - 2 scrolls of fog
 F - 3 scrolls of teleportation
 L - 2 scrolls of enchant weapon {unknown}
 N - a scroll of silence {unknown}
 Q - a scroll of fear {unknown}
 W - a scroll of recharging {unknown}
Potions
 i - a potion of might
 m - 3 potions of heal wounds
 o - a potion of agility
 q - 7 potions of curing
 r - a potion of haste {unknown}
 s - 2 potions of flight
 t - 2 potions of ambrosia
 x - a potion of mutation {unknown}
 D - a potion of beneficial mutation {unknown}
 R - 2 potions of magic
 Y - a potion of cure mutation {unknown}
 Z - a potion of brilliance {unknown}
Books
 b - a book of Conjurations

   Spells                             Type                      Level
   a - Magic Dart                     Conjuration                  1
   b - Searing Ray                    Conjuration                  2
   c - Dazzling Spray                 Conjuration/Hexes            3
   d - Fulminant Prism                Conjuration/Hexes            4
   e - Iskenderun's Mystic Blast      Conjuration                  4
   f - Iskenderun's Battlesphere      Conjuration/Charms           5
 l - a book of Death

   Spells                             Type                      Level
   a - Corpse Rot                     Necromancy                   2
   b - Sublimation of Blood           Necromancy                   2
   c - Agony                          Necromancy                   5
   d - Dispel Undead                  Necromancy                   5
   e - Excruciating Wounds            Charms/Necromancy            5
   f - Bolt of Draining               Conjuration/Necromancy       5
Miscellaneous
 P - a sack of spiders
Comestibles
 c - 7 bread rations
 d - 3 slices of pizza
 j - a royal jelly
 z - 8 fruits
 J - 6 chunks of flesh
 K - 2 beef jerkies
 M - a meat ration


   Skills:
 - Level 3.2 Fighting
 - Level 6.9 Dodging
 - Level 2.1 Stealth
 - Level 11.9 Spellcasting
 - Level 12.9 Conjurations
 + Level 8.0 Fire Magic


You had 15 spell levels left.
You knew the following spells:

 Your Spells              Type           Power        Failure   Level  Hunger
a - Magic Dart            Conj           ####         1%          1    None
b - Iskenderun's Battles  Conj/Chrm      #####...     1%          5    ###....
c - Searing Ray           Conj           ######       1%          2    None
d - Iskenderun's Mystic   Conj           ######..     1%          4    None
e - Conjure Flame         Conj/Fire      ######..     1%          3    None
f - Mephitic Cloud        Conj/Pois/Air  #####...     1%          3    None


Dungeon Overview and Level Annotations

Branches:
Dungeon (11/15)            Temple (1/1) D:6            Lair (0/8) D:10
    Orc: D:9-12

Altars:
Ashenzari
Cheibriados
Dithmenos
Elyvilon
Fedhas
Gozag
Kikubaaqudgha
Makhleb
Nemelex Xobeh
Okawaru
Pakellas
Qazlal
Ru
Sif Muna
Trog
Vehumet
Xom
Yredelemnul
Zin
The Shining One

Shops:
D:9 (   D:10 [

Annotations:
D:7 4 runed doors


Message History

Aiming: Magic Dart
Press: ? - help, Shift-Dir - straight line, f/p - hornet
Aim: a hornet (heavily wounded)
The magic dart hits the hornet.
The hornet is heavily wounded.
You feel very sick. The hornet stings you.
* * * LOW HITPOINT WARNING * * *
You are more poisoned.
You feel as though you will be slow longer.
The hornet closely misses you.
Casting: Magic Dart
Confirm with . or Enter, or press ? or * to list all spells.
You don't have enough magic to cast that spell.
You barely miss the hornet.
The hornet is heavily wounded.
* * * LOW HITPOINT WARNING * * *
You feel extremely sick. The hornet stings you!
You die...

+...# #.#.##[#.# #...#
#.#...##.# #...# #.#### .#
. ##..# #.. ## .. ....#
### ... ....# #### ...
....########.... ..###
............########.....#
................@y.....#
.....#######...###.......#
###### #..## #######.#
#.## #.# #.. ###


You could see a hornet.

Vanquished Creatures
  Harold (D:11)
  Erica (D:8)
  2 hydras (D:7)
  Joseph (D:8)
  Pikel (D:8)
  A gargoyle (D:11)
  2 komodo dragons (D:10)
  A troll (D:9)
  A two-headed ogre (D:10)
  Prince Ribbit (D:8)
  Grinder (D:5)
  The ghost of Charly the Ruffian, an amateur VSMo (D:7)
  A hippogriff (D:9)
  2 wyverns
  A steam dragon (D:10)
  13 yaks
  2 sky beasts
  3 black bears (D:7)
  5 ice beasts
  2 phantoms
  A wasp (D:9)
  A necrophage (D:9)
  2 ogres
  11 centaurs
  2 crocodiles (D:10)
  7 giant frogs
  2 wyvern zombies
  2 scorpions
  7 killer bees
  8 wights
  3 jellies
  2 howler monkeys
  2 centaur zombies
  A giant frog zombie (D:6)
  A quasit (D:9)
  4 crimson imps
  4 hounds
  An orc priest (D:5)
  2 centaur skeletons
  4 orc wizards
  Jessica (D:3)
  Terence (D:2)
  3 iguanas
  10 worker ants
  A hound zombie (D:7)
  A hound skeleton (D:11)
  2 worker ant zombies
  Robin (D:2)
  2 howler monkey skeletons
  6 adders
  3 oozes
  An adder zombie (D:7)
  5 adder skeletons
  3 worms
  3 dart slugs
  4 giant geckos
  44 orcs
  2 ball pythons (D:6)
  5 giant cockroaches
  11 goblins
  8 hobgoblins
  8 jackals
  2 quokkas
  6 bats
  A giant gecko skeleton (D:7)
  4 giant newts
  7 kobolds
  7 rats
262 creatures vanquished.

Vanquished Creatures (others)
  A troll (D:6)
  2 slaves (D:8)
  A hound (D:8)
  A quasit (D:8)
  An orc (D:8)
6 creatures vanquished.

Grand Total: 268 creatures vanquished

Notes
Turn   | Place    | Note
--------------------------------------------------------------
     0 | D:1      | theElss the High Elf Conjurer began the quest for the Orb.
     0 | D:1      | Reached XP level 1. HP: 11/11 MP: 4/4
   190 | D:1      | Reached XP level 2. HP: 17/17 MP: 3/6
   194 | D:1      | Learned a level 2 spell: Searing Ray
   890 | D:2      | Reached skill level 5 in Conjurations
   904 | D:2      | Reached XP level 3. HP: 15/21 MP: 0/7
  1226 | D:2      | Found a stormy altar of Qazlal.
  1229 | D:2      | Found an ancient bone altar of Kikubaaqudgha.
  1295 | D:2      | Found an oddly glowing altar of Pakellas.
  1298 | D:2      | Found a burning altar of Makhleb.
  1333 | D:2      | Noticed Robin
  1364 | D:2      | Noticed Terence
  1399 | D:2      | Killed Robin
  1399 | D:2      | Reached XP level 4. HP: 25/27 MP: 1/9
  2034 | D:2      | Killed Terence
  2034 | D:2      | Reached skill level 6 in Conjurations
  2091 | D:2      | Learned a level 4 spell: Iskenderun's Mystic Blast
  2364 | D:3      | Found a shattered altar of Ashenzari.
  2477 | D:3      | Found a faded altar to an unknown god.
  2738 | D:3      | Reached XP level 5. HP: 32/32 MP: 5/10
  3198 | D:3      | Noticed Jessica
  3202 | D:3      | Killed Jessica
  3237 | D:3      | Found a deep blue altar of Sif Muna.
  3605 | D:4      | Reached XP level 6. HP: 37/37 MP: 8/13
  3672 | D:4      | Learned a level 5 spell: Iskenderun's Battlesphere
  4000 | D:4      | Reached skill level 7 in Conjurations
  4336 | D:4      | Reached skill level 5 in Spellcasting
  4712 | D:5      | Entered Level 5 of the Dungeon
  4803 | D:5      | Reached XP level 7. HP: 42/42 MP: 6/16
  5272 | D:5      | Noticed Grinder
  5276 | D:5      | Killed Grinder
  5276 | D:5      | Reached skill level 8 in Conjurations
  5394 | D:5      | Got a blackened flail
  5395 | D:5      | Identified the +5 flail of Absolution {venom, rC+} (You found it on level 5 of the Dungeon)
  5548 | D:5      | Reached XP level 8. HP: 41/47 MP: 12/19
  5551 | D:5      | Got a glittering bronze ring
  5552 | D:5      | Identified the ring of the Pure Planets {rF+ Stlth-} (You took it off a crimson imp on level 5 of the Dungeon)
  6037 | D:6      | Found a staircase to the Ecumenical Temple.
  6050 | D:6      | Reached skill level 1 in Fighting
  6058 | Temple   | Entered the Ecumenical Temple
  6062 | Temple   | Became a worshipper of Vehumet
  6219 | D:6      | Found an oddly glowing altar of Pakellas.
  6219 | D:6      | Noticed an orange crystal statue
  6221 | D:6      | Noticed a troll
  6228 | D:6      | Killed a troll
  6246 | D:6      | Reached skill level 9 in Conjurations
  7368 | D:7      | Found a large runed door.
  7388 | D:7      | Reached * piety under Vehumet
  7388 | D:7      | Offered knowledge of Freeze by Vehumet.
  7464 | D:7      | Found a large runed door.
  7465 | D:7      | Noticed Charly's ghost (amateur VSMo)
  7477 | D:7      | Killed Charly's ghost
  7477 | D:7      | Reached skill level 10 in Conjurations
  7477 | D:7      | Reached XP level 9. HP: 53/53 MP: 6/22
  7764 | D:7      | Found a large runed door.
  7764 | D:7      | Found a large runed door.
  7772 | D:7      | Noticed an eight-headed hydra
  7997 | D:7      | Killed an eight-headed hydra
  7997 | D:7      | Reached skill level 5 in Dodging
  8013 | D:7      | Reached skill level 11 in Conjurations
  8149 | D:7      | Noticed an eight-headed hydra
  8318 | D:7      | Killed an eight-headed hydra
  8318 | D:7      | Reached skill level 10 in Spellcasting
  8318 | D:7      | Reached XP level 10. HP: 61/61 MP: 6/25
  8475 | D:7      | Got a pair of polished boots
  8481 | D:7      | Identified the +2 pair of boots "Efessest" {Int+3} (You found it on level 7 of the Dungeon)
  8639 | D:8      | Noticed Erica
  8642 | D:8      | Killed Erica
  8928 | D:8      | Noticed Prince Ribbit
  8931 | D:8      | Noticed Pikel
  8932 | D:8      | Killed Prince Ribbit
  8938 | D:8      | Killed Pikel
  8938 | D:8      | Reached skill level 12 in Conjurations
  9526 | D:8      | Reached ** piety under Vehumet
  9526 | D:8      | Offered knowledge of Throw Frost by Vehumet.
  9728 | D:8      | Found a sacrificial altar of Ru.
 10352 | D:8      | Noticed Joseph
 10364 | D:8      | Killed Joseph
 11065 | D:9      | Reached XP level 11. HP: 55/67 MP: 9/27
 11636 | D:9      | Found Diwe's Weapon Emporium.
 11638 | D:9      | Found an iron altar of Okawaru.
 11710 | D:9      | Offered knowledge of Conjure Flame by Vehumet.
 11715 | D:9      | Learned a level 3 spell: Conjure Flame
 11860 | D:9      | Reached skill level 1 in Fire Magic
 12211 | D:10     | Entered Level 10 of the Dungeon
 12218 | D:10     | Found Xute's Antique Armour Boutique.
 12435 | D:10     | Reached *** piety under Vehumet
 12998 | D:10     | Reached skill level 5 in Fire Magic
 13140 | D:10     | Offered knowledge of Mephitic Cloud by Vehumet.
 13209 | D:10     | Learned a level 3 spell: Mephitic Cloud
 13251 | D:10     | Found a staircase to the Lair.
 13789 | D:11     | Noticed Harold
 13793 | D:11     | Killed Harold
 14005 | D:11     | Paralysed by a hornet for 1 turns
 14011 | D:11     | Slain by a hornet

Skill      XL: |  1  2  3  4  5  6  7  8  9 10 11 |
---------------+----------------------------------+-----
Conjurations   | 5 6 7 8 10 11 12 | 12.9
Spellcasting   | 3 4 5 6 8 10 11 | 11.9
Dodging        | 3 4 6 |  6.9
Fighting       | 1 2 3 |  3.2
Fire Magic     | 8 |  8.0
Stealth        | |  2.1

Action                   |  1- 3 |  4- 6 |  7- 9 | 10-12 || total
-------------------------+-------+-------+-------+-------++-------
Melee: Dagger            |     7 |       |     3 |       ||    10
       Flail             |       |       |     9 |     2 ||    11
 Cast: Magic Dart        |    65 |   130 |    75 |   133 ||   403
       Searing Ray       |     3 |     8 |    20 |    29 ||    60
       Iskenderun's Myst |       |     1 |    36 |    67 ||   104
       Iskenderun's Batt |       |       |     4 |    30 ||    34
       Mephitic Cloud    |       |       |       |     2 ||     2
  Use: Scroll            |       |       |     2 |    10 ||    12
  Eat: Chunk             |     1 |    11 |    14 |    34 ||    60
       Fruit             |       |       |     1 |     2 ||     3
Armor: Robe              |     2 |     4 |    11 |    23 ||    40
Dodge: Dodged            |    11 |    17 |    43 |    58 ||   129
